[ AOE2 MATCH · #463517038 ]
Team RMPersians vs Khmer
[ REPLAY ANALYSIS · EXTRACTED FROM THE RECORDED GAME ]
Feudal
11:16
Castle
20:59
Imperial
31:47
| APM avg | 8.5 |
| APM peak | 55 |
| eAPM avg | 7.0 |
| Villagers / military | 90 / 253 |
Focus
⚔️ 25.1% · 🌾 74.9%
Knight ×115 · Scout Cavalry ×105 · War Elephant ×30 · Trade Cart ×20 · Trebuchet (Packed) ×2 · Monk ×1
Feudal
—
Castle
—
Imperial
—
| APM avg | 10.5 |
| APM peak | 31 |
| eAPM avg | 8.4 |
| Villagers / military | 75 / 150 |
Focus
⚔️ 48.2% · 🌾 51.8%
Spearman ×92 · Ballista Elephant ×35 · Scout Cavalry ×9 · Militia ×5 · Knight ×4 · Mangonel ×4
Feudal
15:06
Castle
25:02
Imperial
46:47
| APM avg | 15.3 |
| APM peak | 56 |
| eAPM avg | 12.5 |
| Villagers / military | 202 / 225 |
Focus
⚔️ 33.7% · 🌾 66.3%
Camel Scout ×110 · Elephant Archer ×37 · Fishing Ship ×28 · Armored Elephant ×28 · Trade Cart ×26 · Scout Cavalry ×25
Feudal
17:15
Castle
28:16
Imperial
33:24
| APM avg | 22.8 |
| APM peak | 55 |
| eAPM avg | 17.0 |
| Villagers / military | 133 / 942 |
Focus
⚔️ 42.8% · 🌾 57.2%
Spearman ×923 · Trade Cart ×20 · Trebuchet (Packed) ×19
Feudal
12:26
Castle
19:21
Imperial
40:38
| APM avg | 16.1 |
| APM peak | 36 |
| eAPM avg | 11.0 |
| Villagers / military | 128 / 344 |
Focus
⚔️ 35.5% · 🌾 64.5%
Mameluke ×191 · Skirmisher ×100 · Battering Ram ×25 · Trade Cart ×18 · Bombard Cannon ×10 · Monk ×8
Feudal
10:32
Castle
21:49
Imperial
37:01
| APM avg | 14.1 |
| APM peak | 64 |
| eAPM avg | 8.4 |
| Villagers / military | 103 / 178 |
Focus
⚔️ 44.5% · 🌾 55.5%
Camel Scout ×59 · Cavalry Archer ×44 · Hand Cannoneer ×38 · Bombard Cannon ×21 · Ghulam ×9 · Trade Cart ×7
Feudal
11:07
Castle
20:51
Imperial
39:28
| APM avg | 15.1 |
| APM peak | 37 |
| eAPM avg | 9.1 |
| Villagers / military | 83 / 222 |
Focus
⚔️ 43.5% · 🌾 56.5%
Mangudai ×162 · Mangonel ×38 · Trade Cart ×12 · Petard ×9 · Scout Cavalry ×6 · Camel Scout ×5
Feudal
11:50
Castle
19:17
Imperial
36:02
| APM avg | 10.1 |
| APM peak | 60 |
| eAPM avg | 7.5 |
| Villagers / military | 83 / 245 |
Focus
⚔️ 37.2% · 🌾 62.8%
Chu Ko Nu ×142 · Spearman ×86 · Fire Galley ×6 · Iron Pagoda ×5 · Galley ×4 · Fishing Ship ×2
Match map
Initial resources + every placement click. Lines = walls · curves = elevation contours. ◆ gold · ⬟ stone · ● berries · ✦ relic · ◌ wall gap
Your base· Open — 3t gap
Miccit88's base· Open — unwalled flank
Equilibrium's base· Open — unwalled flank
adrian's base· Open — unwalled flank
pipermirage's base· Open — unwalled flank
7palu's base· Open — unwalled flank
ENG.P4V3S1's base· Open — 15t gap
avvo90's base· Open — unwalled flank
Smoothed initial terrain · ◌ = detected wall gap · hover for details
Inputs per minute
— Veph1 - - Miccit88
Build order — Veph1
First 150 of 297 actions detected
| 0:06 | Build | House |
| 0:07 | Build | House |
| 0:10 | Create | Villager (Male) |
| 0:10 | Create | Villager (Male) |
| 0:10 | Create | Villager (Male) |
| 0:10 | Create | Villager (Male) |
| 0:11 | Create | Villager (Male) |
| 0:11 | Create | Villager (Male) |
| 0:12 | Research | Loom |
| 0:34 | Build | House |
| 0:39 | Build | House |
| 2:05 | Create | Villager (Male) |
| 2:30 | Build | Lumber Camp |
| 2:46 | Create | Villager (Male) |
| 3:34 | Create | Villager (Male) |
| 3:35 | Create | Villager (Male) |
| 4:18 | Create | Villager (Male) |
| 4:33 | Create | Villager (Male) |
| 4:54 | Build | Mill |
| 5:04 | Create | Villager (Male) |
| 5:32 | Create | Villager (Male) |
| 5:55 | Create | Villager (Male) |
| 6:20 | Create | Villager (Male) |
| 6:38 | Create | Villager (Male) |
| 7:07 | Create | Villager (Male) |
| 7:08 | Create | Villager (Male) |
| 7:08 | Create | Villager (Male) |
| 8:25 | Create | Villager (Male) |
| 8:39 | Build | Mining Camp |
| 8:48 | Create | Villager (Male) |
| 8:50 | Build | Farm |
| 9:11 | Research | Feudal Age |
| 9:12 | Research | Feudal Age |
| 9:20 | Build | House |
| 9:22 | Build | Farm |
| 9:30 | Create | Villager (Male) |
| 10:23 | Build | Mining Camp |
| 11:16 | Age | Feudal Age |
| 11:18 | Research | Wheelbarrow |
| 11:19 | Research | Town Watch |
| 11:41 | Build | House |
| 11:43 | Build | House |
| 11:44 | Build | House |
| 11:45 | Build | House |
| 11:49 | Build | House |
| 11:50 | Build | House |
| 11:52 | Build | Blacksmith |
| 12:01 | Build | Mill |
| 12:34 | Build | Market |
| 12:36 | Create | Villager (Male) |
| 12:58 | Create | Villager (Male) |
| 13:00 | Create | Villager (Male) |
| 13:00 | Create | Villager (Male) |
| 13:12 | Build | Farm |
| 13:23 | Create | Villager (Male) |
| 13:23 | Create | Villager (Male) |
| 13:37 | Build | Farm |
| 13:58 | Build | Farm |
| 14:22 | Build | Farm |
| 14:56 | Build | Farm |
| 14:59 | Create | Villager (Male) |
| 15:00 | Create | Villager (Male) |
| 15:06 | Build | Farm |
| 15:11 | Create | Villager (Male) |
| 15:31 | Build | Farm |
| 16:01 | Create | Villager (Male) |
| 16:18 | Create | Villager (Male) |
| 16:50 | Create | Villager (Male) |
| 17:21 | Create | Villager (Male) |
| 17:22 | Create | Villager (Male) |
| 17:31 | Research | Town Watch |
| 18:33 | Research | Castle Age |
| 18:38 | Build | Farm |
| 18:42 | Build | Farm |
| 18:46 | Build | Farm |
| 18:49 | Build | Farm |
| 18:55 | Build | Farm |
| 18:58 | Build | Farm |
| 19:01 | Build | Farm |
| 19:02 | Research | Horse Collar |
| 19:25 | Research | Double-Bit Axe |
| 19:49 | Create | Villager (Male) ×5 |
| 20:14 | Research | Stone Mining |
| 20:21 | Research | Gold Mining |
| 20:59 | Age | Castle Age |
| 20:59 | Research | Heavy Plow |
| 21:03 | Research | Bow Saw |
| 21:12 | Build | Castle |
| 21:52 | Research | Hand Cart |
| 22:51 | Build | Town Center |
| 22:56 | Research | Town Patrol |
| 23:25 | Build | Town Center |
| 23:33 | Create | Villager (Male) ×5 |
| 24:18 | Create | Villager (Male) |
| 24:18 | Create | Villager (Male) |
| 24:18 | Create | Villager (Male) |
| 24:42 | Build | Town Center |
| 24:47 | Create | Villager (Male) ×5 |
| 24:56 | Create | Villager (Male) |
| 24:56 | Create | Villager (Male) |
| 24:59 | Build | Farm |
| 25:01 | Create | Villager (Male) |
| 25:06 | Create | Villager (Male) |
| 25:27 | Build | Farm |
| 25:34 | Build | Lumber Camp |
| 25:49 | Build | Farm |
| 25:53 | Create | Villager (Male) ×5 |
| 26:16 | Build | Farm |
| 26:41 | Create | Villager (Male) |
| 26:41 | Create | Villager (Male) |
| 26:41 | Create | Villager (Male) |
| 26:46 | Create | Villager (Male) ×5 |
| 26:51 | Build | Farm |
| 26:53 | Build | Farm |
| 26:56 | Build | Farm |
| 27:09 | Build | Farm |
| 27:26 | Build | Town Center |
| 27:47 | Build | Town Center |
| 28:10 | Build | Lumber Camp |
| 28:17 | Create | Villager (Male) |
| 28:41 | Build | Farm |
| 28:49 | Build | Farm |
| 29:01 | Research | Imperial Age |
| 29:44 | Create | Villager (Male) |
| 29:45 | Create | Villager (Male) |
| 29:45 | Create | Villager (Male) |
| 29:47 | Create | Villager (Male) |
| 29:48 | Create | Villager (Male) |
| 29:48 | Create | Villager (Male) |
| 30:08 | Create | Villager (Male) ×5 |
| 30:14 | Build | Farm |
| 30:17 | Build | Farm |
| 30:22 | Create | Villager (Male) ×5 |
| 30:35 | Build | Mining Camp |
| 30:43 | Build | Farm |
| 30:48 | Build | Farm |
| 30:55 | Build | Farm |
| 31:00 | Build | Farm |
| 31:13 | Create | Villager (Male) |
| 31:18 | Build | Farm |
| 31:21 | Build | Farm |
| 31:38 | Research | Stone Shaft Mining |
| 31:38 | Research | Gold Shaft Mining |
| 31:47 | Age | Imperial Age |
| 31:47 | Research | Crop Rotation |
| 31:48 | Research | Crop Rotation |
| 31:56 | Research | Two-Man Saw |
| 31:56 | Research | Two-Man Saw |
| 32:03 | Build | Farm |
| 32:08 | Build | Farm |
Build order — Miccit88
First 150 of 339 actions detected
| 0:07 | Build | House |
| 0:13 | Create | Villager (Male) |
| 0:13 | Create | Villager (Male) |
| 0:13 | Create | Villager (Male) |
| 0:13 | Create | Villager (Male) |
| 0:37 | Build | House |
| 1:35 | Build | House |
| 1:42 | Create | Villager (Male) |
| 2:22 | Create | Villager (Male) |
| 3:02 | Create | Villager (Male) |
| 3:03 | Create | Villager (Male) |
| 3:33 | Create | Villager (Male) |
| 3:55 | Create | Villager (Male) |
| 4:32 | Build | Mill |
| 4:37 | Create | Villager (Male) |
| 6:09 | Create | Villager (Male) |
| 6:10 | Create | Villager (Male) |
| 6:18 | Create | Villager (Male) |
| 6:46 | Build | Mining Camp |
| 6:50 | Create | Villager (Male) |
| 7:04 | Build | Lumber Camp |
| 7:14 | Build | House |
| 8:06 | Create | Villager (Male) |
| 8:07 | Create | Villager (Male) |
| 9:02 | Create | Villager (Male) |
| 9:38 | Research | Feudal Age |
| 9:43 | Build | Mining Camp |
| 10:47 | Create | Villager (Male) |
| 10:48 | Create | Villager (Male) |
| 11:27 | Build | Barracks |
| 11:52 | Create | Villager (Male) |
| 12:18 | Build | House |
| 12:24 | Research | Horse Collar |
| 12:29 | Research | Double-Bit Axe |
| 12:32 | Create | Militia |
| 12:32 | Create | Militia |
| 12:32 | Create | Militia |
| 12:33 | Create | Militia |
| 12:39 | Build | Farm |
| 13:00 | Build | House |
| 13:24 | Build | Farm |
| 13:29 | Build | Farm |
| 13:30 | Build | Farm |
| 13:34 | Create | Villager (Male) |
| 14:02 | Build | Farm |
| 14:26 | Create | Villager (Male) |
| 14:26 | Create | Villager (Male) |
| 14:39 | Build | Stable |
| 14:59 | Create | Villager (Male) |
| 15:05 | Build | Farm |
| 15:21 | Build | Farm |
| 15:36 | Build | House |
| 15:39 | Create | Spearman |
| 15:39 | Create | Spearman |
| 15:45 | Create | Scout Cavalry |
| 15:45 | Create | Scout Cavalry |
| 15:45 | Create | Scout Cavalry |
| 15:57 | Build | Farm |
| 15:58 | Create | Villager (Male) |
| 15:58 | Create | Villager (Male) |
| 16:41 | Build | Blacksmith |
| 16:44 | Create | Villager (Male) |
| 16:47 | Build | Farm |
| 17:11 | Create | Villager (Male) |
| 17:23 | Build | Farm |
| 17:28 | Build | Farm |
| 17:45 | Create | Scout Cavalry |
| 17:45 | Create | Scout Cavalry |
| 17:45 | Create | Scout Cavalry |
| 17:59 | Create | Villager (Male) |
| 18:03 | Build | Farm |
| 18:23 | Build | House |
| 18:31 | Build | House |
| 18:49 | Research | Forging |
| 19:03 | Build | House |
| 19:09 | Create | Villager (Male) |
| 19:53 | Create | Scout Cavalry |
| 19:53 | Create | Scout Cavalry |
| 20:15 | Build | Stone Wall |
| 20:25 | Build | Gate |
| 20:29 | Build | Farm |
| 20:36 | Build | House |
| 20:40 | Create | Scout Cavalry |
| 20:51 | Create | Villager (Male) |
| 20:52 | Create | Villager (Male) |
| 21:16 | Research | Scale Barding Armor |
| 21:56 | Build | Market |
| 22:00 | Build | Farm |
| 23:12 | Create | Spearman |
| 23:13 | Create | Spearman |
| 23:30 | Build | Stone Wall |
| 23:42 | Build | Gate |
| 23:46 | Create | Villager (Male) |
| 24:00 | Build | Stone Wall |
| 24:05 | Create | Spearman |
| 24:05 | Create | Spearman |
| 24:49 | Research | Castle Age |
| 25:01 | Create | Trade Cart |
| 25:02 | Create | Trade Cart |
| 25:34 | Research | Stone Mining |
| 25:40 | Research | Gold Mining |
| 25:41 | Create | Villager (Male) |
| 25:42 | Create | Villager (Male) |
| 27:01 | Build | Stone Wall |
| 27:27 | Research | Man-at-Arms (upgrade) |
| 28:03 | Create | Spearman |
| 28:04 | Create | Spearman |
| 28:06 | Research | Pikeman (upgrade) |
| 28:25 | Create | Knight |
| 28:25 | Create | Knight |
| 28:41 | Create | Spearman |
| 28:41 | Create | Spearman |
| 28:48 | Research | Scale Mail Armor |
| 29:39 | Create | Villager (Male) |
| 29:40 | Create | Villager (Male) |
| 29:40 | Create | Villager (Male) |
| 29:40 | Create | Villager (Male) |
| 29:40 | Create | Villager (Male) |
| 30:03 | Create | Villager (Male) |
| 30:05 | Create | Villager (Male) |
| 30:12 | Create | Spearman |
| 30:13 | Create | Spearman |
| 30:13 | Create | Spearman |
| 30:33 | Build | Town Center |
| 31:13 | Build | Stone Wall |
| 31:29 | Research | Heavy Plow |
| 31:34 | Research | Bow Saw |
| 31:57 | Build | Farm |
| 32:07 | Create | Villager (Male) |
| 32:09 | Research | Wheelbarrow |
| 32:34 | Create | Villager (Male) |
| 32:34 | Create | Villager (Male) |
| 32:49 | Create | Spearman |
| 32:49 | Create | Spearman |
| 32:49 | Create | Spearman |
| 32:50 | Create | Spearman |
| 32:50 | Create | Spearman |
| 33:17 | Build | Farm |
| 33:34 | Build | Farm |
| 33:48 | Create | Villager (Male) |
| 33:49 | Create | Villager (Male) |
| 33:55 | Build | Farm |
| 33:58 | Create | Villager (Male) |
| 34:01 | Create | Villager (Male) |
| 34:20 | Research | Town Watch |
| 34:28 | Build | Farm |
| 34:32 | Create | Villager (Male) |
| 35:09 | Build | Castle |
| 35:37 | Build | Siege Workshop |
| 35:46 | Create | Villager (Male) |
Build order — Equilibrium
First 150 of 380 actions detected
| 0:03 | Create | Villager (Male) ×4 |
| 0:13 | Build | House |
| 0:15 | Build | House |
| 0:20 | Research | Loom |
| 0:21 | Create | Villager (Male) ×3 |
| 1:55 | Create | Villager (Male) |
| 1:55 | Create | Villager (Male) |
| 2:27 | Build | Mill |
| 2:42 | Create | Villager (Male) ×2 |
| 2:42 | Create | Villager (Male) ×2 |
| 3:27 | Create | Villager (Male) |
| 3:39 | Build | House |
| 3:48 | Build | House |
| 4:12 | Create | Villager (Male) ×3 |
| 4:12 | Create | Villager (Male) ×3 |
| 5:02 | Create | Villager (Male) ×2 |
| 5:35 | Create | Villager (Male) |
| 6:00 | Create | Villager (Male) |
| 6:22 | Create | Villager (Male) ×5 |
| 7:32 | Build | Lumber Camp |
| 8:31 | Build | Lumber Camp |
| 8:36 | Create | Villager (Male) |
| 8:58 | Build | House |
| 9:14 | Create | Villager (Male) |
| 9:26 | Build | Lumber Camp |
| 9:46 | Build | House |
| 9:48 | Build | House |
| 9:58 | Build | House |
| 10:10 | Build | Mill |
| 10:19 | Create | Villager (Male) |
| 10:48 | Create | Villager (Male) |
| 11:13 | Build | Dock |
| 11:32 | Build | Dock |
| 11:40 | Create | Villager (Male) |
| 11:45 | Build | Farm |
| 11:48 | Create | Villager (Male) |
| 12:17 | Create | Fishing Ship ×5 |
| 12:31 | Create | Fishing Ship |
| 12:32 | Create | Fishing Ship |
| 12:34 | Create | Fishing Ship |
| 12:35 | Create | Fishing Ship |
| 12:39 | Build | House |
| 12:41 | Build | House |
| 12:42 | Build | House |
| 12:52 | Build | Farm |
| 12:56 | Research | Feudal Age |
| 13:01 | Build | Farm |
| 13:06 | Build | Farm |
| 14:22 | Build | Barracks |
| 14:41 | Build | Barracks |
| 15:04 | Create | Villager (Male) ×5 |
| 15:06 | Age | Feudal Age |
| 15:21 | Build | Market |
| 15:25 | Build | Blacksmith |
| 15:30 | Build | Dock |
| 15:35 | Create | Villager (Male) ×5 |
| 15:40 | Build | Farm |
| 16:07 | Build | Archery Range |
| 16:12 | Build | Stable |
| 16:17 | Build | House |
| 16:29 | Build | Farm |
| 16:51 | Build | House |
| 17:07 | Build | Stable |
| 17:13 | Build | Stable |
| 17:14 | Build | Stable |
| 17:15 | Build | Stable |
| 17:15 | Build | Stable |
| 17:16 | Build | Stable |
| 17:16 | Build | Stable |
| 17:16 | Build | Stable |
| 17:17 | Build | Stable |
| 17:17 | Build | Stable |
| 17:17 | Build | Stable |
| 17:18 | Build | Stable |
| 17:34 | Build | Farm |
| 18:05 | Build | Farm |
| 18:12 | Create | Fishing Ship ×2 |
| 18:21 | Research | Tech 906 |
| 18:21 | Research | Tech 906 |
| 18:47 | Build | Lumber Camp |
| 18:50 | Research | Double-Bit Axe |
| 18:57 | Research | Horse Collar |
| 18:57 | Research | Horse Collar |
| 19:51 | Create | Unit 2626 |
| 20:19 | Create | Scout Cavalry ×5 |
| 20:19 | Create | Scout Cavalry ×5 |
| 20:20 | Create | Scout Cavalry ×5 |
| 20:20 | Create | Scout Cavalry ×5 |
| 20:20 | Create | Scout Cavalry ×5 |
| 20:35 | Build | Archery Range |
| 20:44 | Create | Fishing Ship |
| 20:44 | Create | Fishing Ship |
| 21:07 | Research | Scale Barding Armor |
| 21:08 | Research | Forging |
| 21:36 | Create | Skirmisher ×5 |
| 21:57 | Create | Villager (Male) ×5 |
| 22:16 | Research | Castle Age |
| 23:36 | Research | Fletching |
| 23:53 | Build | Mining Camp |
| 25:02 | Age | Castle Age |
| 25:05 | Create | Villager (Male) ×3 |
| 25:23 | Build | Mining Camp |
| 25:38 | Build | Mining Camp |
| 25:42 | Research | Bow Saw |
| 25:59 | Build | Farm |
| 26:00 | Build | Farm |
| 26:02 | Build | Farm |
| 26:04 | Build | Farm |
| 26:06 | Build | Farm |
| 26:07 | Build | Farm |
| 26:13 | Build | Farm |
| 26:14 | Build | Farm |
| 26:18 | Research | Heavy Plow |
| 26:25 | Research | Tech 905 |
| 26:33 | Create | Demolition Raft ×2 |
| 26:53 | Build | House |
| 26:54 | Build | House |
| 26:55 | Build | House |
| 26:56 | Build | House |
| 26:58 | Build | House |
| 27:02 | Build | House |
| 27:04 | Build | House |
| 27:09 | Build | Monastery |
| 27:20 | Research | Wheelbarrow |
| 27:22 | Create | Villager (Male) ×5 |
| 27:44 | Build | Town Center |
| 28:12 | Build | Town Center |
| 29:18 | Create | Villager (Male) ×5 |
| 29:18 | Create | Villager (Male) ×5 |
| 29:18 | Create | Villager (Male) ×2 |
| 29:38 | Create | Monk |
| 29:49 | Build | Farm |
| 29:52 | Build | Farm |
| 29:55 | Create | Villager (Male) ×4 |
| 29:55 | Create | Villager (Male) ×4 |
| 30:13 | Create | Demolition Raft |
| 30:33 | Build | University |
| 30:46 | Build | University |
| 30:49 | Build | House |
| 30:54 | Build | Farm |
| 30:58 | Build | Farm |
| 31:07 | Build | Farm |
| 31:08 | Build | Farm |
| 31:09 | Build | Farm |
| 31:11 | Build | Farm |
| 31:15 | Build | Farm |
| 31:18 | Build | Farm |
| 31:23 | Research | Coinage |
| 31:33 | Create | Monk |
| 31:50 | Research | Hand Cart |
Build order — adrian
First 150 of 581 actions detected
| 0:03 | Research | Loom |
| 0:03 | Create | Villager (Male) ×4 |
| 0:08 | Build | House |
| 0:09 | Build | House |
| 3:14 | Create | Villager (Male) |
| 3:36 | Create | Villager (Male) |
| 4:15 | Create | Villager (Male) |
| 4:31 | Create | Villager (Male) |
| 4:32 | Create | Villager (Male) |
| 4:48 | Build | House |
| 4:49 | Build | House |
| 4:50 | Build | House |
| 5:10 | Create | Villager (Male) |
| 5:10 | Create | Villager (Male) |
| 5:46 | Build | House |
| 5:46 | Build | House |
| 5:48 | Build | House |
| 5:48 | Build | House |
| 5:49 | Build | House |
| 5:51 | Create | Villager (Male) |
| 5:51 | Create | Villager (Male) |
| 6:24 | Create | Villager (Male) |
| 7:03 | Create | Villager (Male) |
| 7:03 | Create | Villager (Male) |
| 7:40 | Create | Villager (Male) |
| 8:14 | Create | Villager (Male) |
| 8:14 | Create | Villager (Male) |
| 8:24 | Create | Villager (Male) |
| 8:30 | Build | Mill |
| 9:02 | Create | Villager (Male) |
| 9:07 | Create | Villager (Male) |
| 10:29 | Create | Villager (Male) ×5 |
| 10:29 | Create | Villager (Male) ×2 |
| 10:30 | Create | Villager (Male) |
| 10:33 | Build | Lumber Camp |
| 11:02 | Create | Villager (Male) |
| 11:02 | Create | Villager (Male) |
| 11:02 | Create | Villager (Male) |
| 11:22 | Build | Mill |
| 12:30 | Build | Mining Camp |
| 13:31 | Build | Farm |
| 13:32 | Build | Farm |
| 13:33 | Build | Farm |
| 13:33 | Build | Farm |
| 13:35 | Build | Farm |
| 13:36 | Build | Farm |
| 13:36 | Build | Farm |
| 13:54 | Research | Feudal Age |
| 14:04 | Build | Farm |
| 14:23 | Create | Villager (Male) |
| 14:24 | Create | Villager (Male) |
| 14:24 | Create | Villager (Male) |
| 14:30 | Create | Villager (Male) |
| 14:30 | Create | Villager (Male) |
| 14:53 | Create | Villager (Male) |
| 14:54 | Create | Villager (Male) |
| 14:54 | Create | Villager (Male) |
| 15:11 | Create | Villager (Male) |
| 15:12 | Create | Villager (Male) |
| 15:36 | Create | Villager (Male) |
| 15:48 | Create | Villager (Male) |
| 16:34 | Create | Villager (Male) |
| 16:34 | Create | Villager (Male) |
| 16:58 | Build | Mining Camp |
| 17:15 | Age | Feudal Age |
| 17:30 | Build | Farm |
| 17:30 | Build | Farm |
| 17:32 | Build | Farm |
| 17:33 | Build | Farm |
| 17:37 | Create | Villager (Male) |
| 17:45 | Build | Farm |
| 17:46 | Create | Villager (Male) |
| 17:51 | Research | Double-Bit Axe |
| 17:56 | Research | Horse Collar |
| 17:57 | Research | Gold Mining |
| 17:58 | Research | Stone Mining |
| 18:07 | Build | Farm |
| 18:30 | Build | Market |
| 18:36 | Build | Blacksmith |
| 18:43 | Build | Lumber Camp |
| 18:47 | Build | Farm |
| 19:01 | Build | Farm |
| 19:02 | Create | Villager (Male) |
| 19:03 | Create | Villager (Male) |
| 19:03 | Create | Villager (Male) |
| 19:32 | Build | House |
| 19:33 | Build | House |
| 19:34 | Build | House |
| 19:35 | Build | House |
| 19:36 | Build | House |
| 19:53 | Create | Villager (Male) ×2 |
| 20:13 | Build | Barracks |
| 20:20 | Create | Villager (Male) |
| 20:42 | Build | Farm |
| 20:42 | Build | Farm |
| 21:34 | Build | Mill |
| 22:45 | Build | Lumber Camp |
| 22:48 | Build | Farm |
| 22:51 | Research | Castle Age |
| 22:56 | Create | Spearman ×5 |
| 22:58 | Create | Spearman ×5 |
| 22:58 | Create | Spearman ×4 |
| 23:02 | Create | Spearman |
| 23:11 | Build | Farm |
| 23:30 | Research | Scale Mail Armor |
| 23:45 | Research | Forging |
| 24:12 | Build | Barracks |
| 24:15 | Build | Barracks |
| 25:13 | Build | House |
| 25:14 | Build | House |
| 25:18 | Build | House |
| 25:22 | Build | House |
| 25:34 | Build | House |
| 25:53 | Build | Mining Camp |
| 26:23 | Build | Barracks |
| 26:24 | Build | Barracks |
| 27:04 | Build | Stone Wall |
| 27:09 | Build | Gate |
| 27:11 | Build | Gate |
| 27:12 | Build | Gate |
| 27:43 | Build | House |
| 27:44 | Build | House |
| 27:45 | Build | House |
| 27:46 | Build | House |
| 27:47 | Build | House |
| 27:48 | Build | House |
| 27:49 | Build | House |
| 27:50 | Build | House |
| 28:16 | Age | Castle Age |
| 28:18 | Research | Pikeman (upgrade) |
| 28:25 | Research | Chain Mail Armor |
| 28:26 | Research | Iron Casting |
| 29:07 | Research | Arson |
| 29:13 | Build | Town Center |
| 29:21 | Build | University |
| 29:24 | Build | Monastery |
| 30:14 | Research | Imperial Age |
| 30:27 | Build | Castle |
| 30:31 | Research | Gold Shaft Mining |
| 30:33 | Research | Bow Saw |
| 30:35 | Research | Heavy Plow |
| 30:39 | Create | Villager (Male) ×5 |
| 30:45 | Research | Stone Shaft Mining |
| 30:48 | Research | Wheelbarrow |
| 30:48 | Create | Villager (Male) ×4 |
| 30:54 | Create | Villager (Male) |
| 31:03 | Research | Ballistics |
| 31:58 | Build | Barracks |
| 31:59 | Build | Barracks |
| 32:00 | Build | Barracks |
Build order — pipermirage
First 150 of 257 actions detected
| 0:05 | Build | House |
| 0:05 | Build | House |
| 0:15 | Create | Villager (Male) ×4 |
| 0:15 | Create | Villager (Male) ×4 |
| 0:16 | Research | Loom |
| 1:38 | Create | Villager (Male) |
| 1:38 | Create | Villager (Male) |
| 2:23 | Create | Villager (Male) |
| 3:10 | Create | Villager (Male) ×2 |
| 3:10 | Create | Villager (Male) ×2 |
| 3:56 | Build | House |
| 3:57 | Build | House |
| 3:58 | Build | House |
| 4:09 | Build | Mill |
| 4:14 | Create | Villager (Male) ×2 |
| 4:14 | Create | Villager (Male) ×2 |
| 5:21 | Create | Villager (Male) ×2 |
| 5:22 | Create | Villager (Male) ×2 |
| 5:51 | Build | Lumber Camp |
| 7:01 | Create | Villager (Male) ×5 |
| 7:01 | Create | Villager (Male) ×5 |
| 7:41 | Create | Villager (Male) ×2 |
| 7:41 | Create | Villager (Male) ×2 |
| 8:40 | Build | Farm |
| 8:41 | Build | Farm |
| 8:41 | Build | Farm |
| 8:41 | Build | Farm |
| 8:41 | Build | Farm |
| 10:16 | Research | Feudal Age |
| 10:31 | Build | Barracks |
| 12:01 | Create | Villager (Male) ×5 |
| 12:01 | Create | Villager (Male) ×5 |
| 12:11 | Build | Mining Camp |
| 12:26 | Age | Feudal Age |
| 13:29 | Build | Stable |
| 14:14 | Create | Villager (Male) ×5 |
| 15:05 | Create | Villager (Male) |
| 15:05 | Create | Villager (Male) |
| 15:18 | Build | House |
| 15:19 | Build | House |
| 15:20 | Build | House |
| 15:21 | Build | House |
| 15:54 | Build | Blacksmith |
| 16:41 | Research | Castle Age |
| 16:41 | Research | Castle Age |
| 16:42 | Research | Castle Age |
| 16:51 | Build | Mining Camp |
| 16:57 | Research | Double-Bit Axe |
| 17:16 | Build | Farm |
| 17:17 | Build | Farm |
| 17:18 | Build | Farm |
| 17:50 | Build | Market |
| 18:37 | Build | Farm |
| 18:56 | Build | Farm |
| 19:18 | Create | Villager (Male) ×5 |
| 19:18 | Create | Villager (Male) ×5 |
| 19:21 | Age | Castle Age |
| 20:22 | Build | Farm |
| 20:24 | Build | Farm |
| 20:29 | Research | Stone Mining |
| 20:58 | Build | Lumber Camp |
| 21:38 | Build | Castle |
| 21:55 | Create | Camel Scout ×5 |
| 22:47 | Research | Husbandry |
| 23:03 | Create | Villager (Male) |
| 23:14 | Build | Mill |
| 23:21 | Build | Mill |
| 23:31 | Create | Mameluke |
| 23:31 | Create | Mameluke |
| 24:39 | Build | Town Center |
| 24:46 | Create | Mameluke ×3 |
| 24:47 | Create | Mameluke ×3 |
| 24:47 | Create | Mameluke ×3 |
| 24:56 | Create | Trade Cart |
| 24:56 | Create | Trade Cart |
| 25:09 | Create | Mameluke ×3 |
| 25:09 | Create | Mameluke ×3 |
| 25:10 | Create | Mameluke ×3 |
| 25:19 | Research | Gold Mining |
| 25:50 | Create | Villager (Male) ×5 |
| 25:51 | Create | Villager (Male) ×5 |
| 25:51 | Create | Villager (Male) ×5 |
| 26:07 | Research | Bow Saw |
| 26:11 | Research | Wheelbarrow |
| 26:11 | Create | Villager (Male) ×4 |
| 26:12 | Create | Villager (Male) ×4 |
| 28:37 | Create | Mameluke ×5 |
| 28:37 | Create | Mameluke ×5 |
| 28:37 | Create | Mameluke ×5 |
| 30:31 | Create | Villager (Male) ×5 |
| 30:44 | Build | Farm |
| 30:44 | Build | Farm |
| 30:44 | Build | Farm |
| 30:44 | Build | Farm |
| 30:45 | Build | Farm |
| 30:45 | Build | Farm |
| 30:45 | Build | Farm |
| 30:45 | Build | Farm |
| 30:45 | Build | Farm |
| 30:46 | Build | Farm |
| 30:46 | Build | Farm |
| 30:46 | Build | Farm |
| 30:54 | Research | Horse Collar |
| 31:09 | Research | Scale Barding Armor |
| 31:10 | Research | Forging |
| 31:27 | Build | Monastery |
| 31:38 | Build | House |
| 31:39 | Build | House |
| 31:39 | Build | House |
| 31:43 | Build | House |
| 31:44 | Build | House |
| 31:44 | Build | House |
| 31:44 | Build | House |
| 31:44 | Build | House |
| 31:45 | Build | House |
| 31:51 | Build | Town Center |
| 31:59 | Create | Monk |
| 31:59 | Create | Monk |
| 32:00 | Create | Monk |
| 32:54 | Create | Trade Cart ×3 |
| 32:54 | Create | Trade Cart ×3 |
| 33:16 | Create | Mameluke ×5 |
| 33:17 | Create | Mameluke ×5 |
| 33:17 | Create | Mameluke ×5 |
| 33:17 | Create | Mameluke ×2 |
| 33:32 | Build | University |
| 33:37 | Build | Lumber Camp |
| 34:01 | Research | Chain Barding Armor |
| 34:01 | Research | Iron Casting |
| 36:16 | Research | Ballistics |
| 36:19 | Research | Murder Holes |
| 36:21 | Research | Masonry |
| 36:41 | Create | Mameluke ×5 |
| 36:41 | Create | Mameluke ×5 |
| 36:42 | Create | Mameluke ×5 |
| 36:42 | Create | Mameluke ×5 |
| 36:50 | Build | Siege Workshop |
| 36:51 | Build | Siege Workshop |
| 37:01 | Research | Hand Cart |
| 37:02 | Create | Villager (Male) ×5 |
| 37:02 | Create | Villager (Male) ×5 |
| 37:06 | Research | Town Watch |
| 37:28 | Research | Imperial Age |
| 37:34 | Create | Villager (Male) ×5 |
| 37:49 | Research | Fletching |
| 38:24 | Research | Tech 28 |
| 38:47 | Research | Heavy Plow |
| 39:00 | Create | Monk ×5 |
| 39:18 | Create | Mameluke ×5 |
| 39:18 | Create | Mameluke ×5 |
Build order — 7palu
First 150 of 412 actions detected
| 0:12 | Create | Villager (Male) |
| 0:22 | Build | House |
| 0:30 | Build | House |
| 0:33 | Build | House |
| 0:43 | Create | Villager (Male) |
| 0:43 | Create | Villager (Male) |
| 0:43 | Create | Villager (Male) |
| 1:20 | Create | Villager (Male) |
| 1:21 | Create | Villager (Male) |
| 1:55 | Build | Lumber Camp |
| 2:05 | Create | Villager (Male) |
| 2:05 | Create | Villager (Male) |
| 2:38 | Create | Villager (Male) |
| 3:06 | Create | Villager (Male) |
| 3:33 | Create | Villager (Male) |
| 5:09 | Create | Villager (Male) |
| 5:09 | Create | Villager (Male) |
| 5:09 | Create | Villager (Male) |
| 5:10 | Create | Villager (Male) |
| 5:43 | Build | Mill |
| 5:49 | Create | Villager (Male) |
| 5:49 | Create | Villager (Male) |
| 6:23 | Create | Villager (Male) |
| 6:24 | Create | Villager (Male) |
| 6:59 | Create | Villager (Male) |
| 8:22 | Research | Feudal Age |
| 8:22 | Research | Feudal Age |
| 8:29 | Build | Farm |
| 8:35 | Build | Farm |
| 8:42 | Build | Farm |
| 8:51 | Build | Farm |
| 9:05 | Build | Farm |
| 9:14 | Create | Villager (Male) |
| 9:14 | Create | Villager (Male) |
| 9:14 | Create | Villager (Male) |
| 9:34 | Build | Farm |
| 9:51 | Build | House |
| 9:55 | Build | House |
| 10:26 | Create | Villager (Male) |
| 10:26 | Create | Villager (Male) |
| 10:26 | Create | Villager (Male) |
| 10:27 | Create | Villager (Male) |
| 10:28 | Create | Villager (Male) |
| 10:32 | Age | Feudal Age |
| 10:52 | Create | Villager (Male) |
| 10:52 | Create | Villager (Male) |
| 11:04 | Build | Farm |
| 11:09 | Build | Farm |
| 11:15 | Build | Farm |
| 11:55 | Build | Mining Camp |
| 12:08 | Create | Villager (Male) |
| 12:08 | Create | Villager (Male) |
| 12:11 | Create | Villager (Male) |
| 12:11 | Create | Villager (Male) |
| 12:32 | Create | Villager (Male) |
| 12:32 | Create | Villager (Male) |
| 12:44 | Research | Double-Bit Axe |
| 13:12 | Research | Horse Collar |
| 14:12 | Build | Barracks |
| 14:27 | Create | Villager (Male) |
| 14:28 | Create | Villager (Male) |
| 14:50 | Build | House |
| 14:53 | Build | House |
| 14:57 | Build | House |
| 15:00 | Build | House |
| 15:04 | Build | House |
| 15:16 | Build | Archery Range |
| 15:27 | Research | Gold Mining |
| 16:23 | Build | Stable |
| 16:36 | Build | Mining Camp |
| 16:50 | Research | Stone Mining |
| 19:09 | Research | Castle Age |
| 19:30 | Create | Villager (Male) |
| 19:43 | Create | Villager (Male) |
| 20:24 | Create | Villager (Male) |
| 21:47 | Create | Villager (Male) |
| 21:47 | Create | Villager (Male) |
| 21:49 | Age | Castle Age |
| 21:50 | Research | Heavy Plow |
| 22:22 | Build | Castle |
| 22:48 | Build | Mining Camp |
| 22:55 | Research | Stone Shaft Mining |
| 23:01 | Research | Gold Shaft Mining |
| 23:21 | Create | Villager (Male) |
| 23:37 | Build | Farm |
| 24:01 | Build | Farm |
| 24:09 | Research | Bow Saw |
| 24:32 | Build | Mining Camp |
| 24:38 | Create | Villager (Male) |
| 24:39 | Create | Villager (Male) |
| 24:56 | Create | Cavalry Archer |
| 24:56 | Create | Cavalry Archer |
| 24:56 | Create | Cavalry Archer |
| 24:57 | Create | Cavalry Archer |
| 24:57 | Create | Cavalry Archer |
| 24:57 | Create | Cavalry Archer |
| 24:57 | Create | Cavalry Archer |
| 24:58 | Create | Cavalry Archer |
| 24:58 | Create | Cavalry Archer |
| 24:58 | Create | Cavalry Archer |
| 24:59 | Create | Cavalry Archer |
| 25:12 | Build | Farm |
| 25:30 | Create | Villager (Male) |
| 25:30 | Create | Villager (Male) |
| 25:35 | Build | Farm |
| 25:41 | Create | Villager (Male) |
| 25:41 | Create | Villager (Male) |
| 25:42 | Create | Villager (Male) |
| 25:44 | Create | Villager (Male) |
| 26:06 | Build | Farm |
| 26:18 | Build | Stable |
| 26:36 | Build | Mining Camp |
| 26:48 | Build | Farm |
| 26:53 | Build | Farm |
| 26:56 | Research | Wheelbarrow |
| 27:00 | Research | Town Watch |
| 27:03 | Research | Loom |
| 27:39 | Build | Blacksmith |
| 27:52 | Build | Castle |
| 28:05 | Create | Camel Scout |
| 28:06 | Create | Camel Scout |
| 28:06 | Create | Camel Scout |
| 28:06 | Create | Camel Scout |
| 28:07 | Create | Camel Scout |
| 28:10 | Create | Camel Scout |
| 28:10 | Create | Camel Scout |
| 28:10 | Create | Camel Scout |
| 28:18 | Build | Farm |
| 28:56 | Create | Villager (Male) |
| 28:56 | Create | Villager (Male) |
| 28:56 | Create | Villager (Male) |
| 28:57 | Create | Villager (Male) |
| 29:44 | Research | Husbandry |
| 29:56 | Research | Thumb Ring |
| 30:12 | Build | Market |
| 30:20 | Research | Fletching |
| 30:54 | Build | Farm |
| 31:01 | Build | Farm |
| 31:17 | Build | Mining Camp |
| 31:28 | Build | Farm |
| 31:43 | Create | Trade Cart |
| 31:43 | Create | Trade Cart |
| 31:46 | Research | Caravan |
| 31:46 | Create | Trade Cart |
| 32:16 | Build | University |
| 32:28 | Create | Villager (Male) |
| 32:30 | Create | Villager (Male) |
| 33:08 | Build | Archery Range |
| 33:26 | Build | House |
| 33:32 | Build | House |
Build order — ENG.P4V3S1
First 150 of 253 actions detected
| 0:07 | Build | House |
| 0:08 | Build | House |
| 0:09 | Build | House |
| 0:10 | Create | Villager (Male) |
| 0:10 | Create | Villager (Male) |
| 0:10 | Create | Villager (Male) |
| 0:11 | Create | Villager (Male) |
| 1:58 | Create | Villager (Male) |
| 2:29 | Create | Villager (Male) |
| 2:29 | Create | Villager (Male) |
| 3:06 | Create | Villager (Male) |
| 3:33 | Create | Villager (Male) |
| 3:34 | Create | Villager (Male) |
| 4:01 | Create | Villager (Male) |
| 4:01 | Create | Villager (Male) |
| 4:31 | Create | Villager (Male) |
| 4:44 | Create | Villager (Male) |
| 4:48 | Create | Villager (Male) |
| 5:19 | Create | Villager (Male) |
| 5:20 | Create | Villager (Male) |
| 6:07 | Build | Mill |
| 6:40 | Research | Loom |
| 6:44 | Research | Loom |
| 6:44 | Create | Villager (Male) |
| 6:44 | Create | Villager (Male) |
| 7:08 | Build | House |
| 7:36 | Build | House |
| 8:21 | Build | Lumber Camp |
| 8:32 | Create | Villager (Male) |
| 8:55 | Research | Feudal Age |
| 11:07 | Age | Feudal Age |
| 11:34 | Build | Barracks |
| 11:40 | Build | Farm |
| 11:41 | Build | Farm |
| 11:41 | Build | Farm |
| 11:41 | Build | Farm |
| 11:41 | Build | Farm |
| 12:06 | Build | Farm |
| 12:21 | Create | Villager (Male) |
| 12:21 | Create | Villager (Male) |
| 12:22 | Create | Villager (Male) |
| 12:22 | Create | Villager (Male) |
| 12:22 | Create | Villager (Male) |
| 12:31 | Build | Farm |
| 13:31 | Build | Mill |
| 14:27 | Build | Stable |
| 14:36 | Create | Villager (Male) ×5 |
| 14:44 | Build | House |
| 14:45 | Build | House |
| 15:14 | Build | House |
| 15:15 | Build | House |
| 15:29 | Build | Mining Camp |
| 15:33 | Create | Villager (Male) |
| 15:42 | Create | Scout Cavalry ×5 |
| 16:02 | Build | Watch Tower |
| 16:21 | Build | Blacksmith |
| 17:36 | Build | Archery Range |
| 17:44 | Build | Farm |
| 17:44 | Build | Farm |
| 17:50 | Build | Farm |
| 18:02 | Build | Farm |
| 18:03 | Build | Farm |
| 18:03 | Build | Farm |
| 18:11 | Research | Castle Age |
| 18:33 | Build | Mining Camp |
| 18:37 | Research | Double-Bit Axe |
| 18:49 | Create | Scout Cavalry |
| 20:27 | Build | Market |
| 20:35 | Build | Farm |
| 20:51 | Age | Castle Age |
| 21:02 | Build | Market |
| 21:08 | Create | Villager (Male) |
| 21:08 | Create | Villager (Male) |
| 21:08 | Create | Villager (Male) |
| 21:08 | Create | Villager (Male) |
| 21:09 | Create | Villager (Male) |
| 21:09 | Create | Villager (Male) |
| 21:20 | Build | Farm |
| 21:21 | Build | Farm |
| 22:39 | Create | Camel Scout ×5 |
| 23:15 | Build | Town Center |
| 23:50 | Research | Husbandry |
| 24:01 | Create | Villager (Male) |
| 24:01 | Create | Villager (Male) |
| 24:02 | Create | Villager (Male) |
| 24:46 | Create | Villager (Male) ×5 |
| 25:03 | Build | Castle |
| 25:31 | Build | University |
| 25:44 | Research | Horse Collar |
| 26:07 | Create | Villager (Male) ×5 |
| 26:16 | Research | Gold Mining |
| 26:30 | Research | Fletching |
| 26:50 | Create | Villager (Male) ×2 |
| 27:05 | Build | House |
| 27:05 | Build | House |
| 27:06 | Build | House |
| 27:07 | Build | House |
| 27:08 | Build | House |
| 27:10 | Build | House |
| 27:11 | Build | House |
| 27:12 | Build | House |
| 27:14 | Build | House |
| 27:15 | Build | House |
| 27:29 | Build | Stone Wall |
| 27:34 | Build | Gate |
| 27:46 | Create | Mangudai ×3 |
| 27:59 | Build | Siege Workshop |
| 28:02 | Build | Siege Workshop |
| 28:24 | Build | Mining Camp |
| 28:29 | Create | Villager (Male) |
| 28:29 | Create | Villager (Male) |
| 28:29 | Create | Villager (Male) |
| 28:32 | Create | Villager (Male) |
| 28:32 | Create | Villager (Male) |
| 28:32 | Create | Villager (Male) |
| 28:55 | Create | Mangudai |
| 29:00 | Create | Mangonel |
| 30:02 | Research | Stone Mining |
| 30:05 | Research | Bow Saw |
| 30:08 | Research | Heavy Plow |
| 30:26 | Create | Trade Cart ×3 |
| 30:57 | Create | Villager (Male) ×4 |
| 31:15 | Create | Mangudai ×4 |
| 31:31 | Research | Bloodlines |
| 31:57 | Build | Monastery |
| 32:40 | Build | Town Center |
| 32:46 | Create | Monk |
| 32:54 | Create | Villager (Male) |
| 32:54 | Create | Villager (Male) |
| 33:38 | Build | Castle |
| 33:49 | Create | Mangonel |
| 33:49 | Create | Mangonel |
| 33:58 | Create | Mangudai ×5 |
| 33:58 | Create | Mangudai ×3 |
| 34:21 | Build | Mining Camp |
| 35:02 | Create | Mangudai |
| 35:03 | Create | Mangudai |
| 36:18 | Research | Imperial Age |
| 36:22 | Create | Mangudai ×5 |
| 36:27 | Create | Mangudai ×2 |
| 36:41 | Create | Trade Cart |
| 37:03 | Build | Lumber Camp |
| 37:08 | Create | Villager (Male) ×3 |
| 37:44 | Create | Trade Cart ×5 |
| 37:56 | Create | Mangonel |
| 37:56 | Create | Mangonel |
| 38:11 | Create | Villager (Male) ×5 |
| 38:28 | Research | Thumb Ring |
| 39:28 | Age | Imperial Age |
| 40:15 | Research | Chemistry |
Build order — avvo90
First 150 of 305 actions detected
| 0:08 | Build | House |
| 0:25 | Research | Loom |
| 0:29 | Build | House |
| 0:50 | Build | House |
| 1:03 | Create | Villager (Male) |
| 1:48 | Create | Villager (Male) |
| 2:12 | Create | Villager (Male) |
| 2:41 | Create | Villager (Male) |
| 2:57 | Create | Villager (Male) |
| 3:27 | Create | Villager (Male) |
| 3:36 | Build | Mill |
| 3:52 | Create | Villager (Male) |
| 4:15 | Create | Villager (Male) |
| 4:46 | Create | Villager (Male) |
| 4:59 | Create | Villager (Male) |
| 5:27 | Create | Villager (Male) |
| 5:42 | Build | Lumber Camp |
| 5:51 | Create | Villager (Male) |
| 5:54 | Create | Villager (Male) |
| 6:41 | Create | Villager (Male) |
| 7:24 | Create | Villager (Male) |
| 7:26 | Create | Villager (Male) |
| 8:17 | Build | Dock |
| 8:24 | Build | Mining Camp |
| 9:36 | Create | Villager (Male) |
| 9:41 | Research | Feudal Age |
| 9:48 | Create | Fishing Ship |
| 10:43 | Create | Fishing Ship |
| 10:51 | Create | Villager (Male) |
| 10:51 | Create | Villager (Male) |
| 11:22 | Create | Villager (Male) |
| 11:33 | Build | Farm |
| 11:35 | Build | Farm |
| 11:37 | Build | Farm |
| 11:38 | Build | Farm |
| 11:41 | Build | Farm |
| 11:42 | Build | Farm |
| 11:44 | Build | Farm |
| 11:50 | Age | Feudal Age |
| 11:59 | Research | Double-Bit Axe |
| 12:02 | Research | Horse Collar |
| 12:24 | Build | House |
| 12:25 | Build | House |
| 12:37 | Create | Villager (Male) |
| 12:53 | Build | Farm |
| 12:54 | Build | Farm |
| 12:56 | Build | Farm |
| 13:13 | Create | Villager (Male) |
| 13:22 | Build | House |
| 13:39 | Create | Villager (Male) |
| 13:56 | Build | Blacksmith |
| 14:08 | Create | Villager (Male) |
| 14:39 | Build | Farm |
| 14:45 | Build | Farm |
| 14:48 | Create | Villager (Male) |
| 14:50 | Create | Villager (Male) |
| 14:59 | Build | Market |
| 15:34 | Create | Unit 2626 |
| 15:36 | Create | Unit 2626 |
| 15:43 | Create | Galley |
| 15:43 | Create | Galley |
| 16:21 | Build | House |
| 16:28 | Build | Barracks |
| 16:37 | Research | Castle Age |
| 17:54 | Research | Gold Mining |
| 18:05 | Build | Mining Camp |
| 18:07 | Create | Villager (Male) |
| 18:07 | Create | Villager (Male) |
| 18:08 | Create | Villager (Male) |
| 18:30 | Research | Stone Mining |
| 19:17 | Age | Castle Age |
| 19:28 | Create | Fire Galley |
| 19:29 | Create | Fire Galley |
| 19:54 | Build | Town Center |
| 19:57 | Create | Spearman |
| 19:58 | Create | Spearman |
| 19:58 | Create | Spearman |
| 19:58 | Create | Spearman |
| 20:10 | Create | Spearman |
| 20:15 | Research | Pikeman (upgrade) |
| 20:39 | Create | Villager (Male) |
| 20:39 | Create | Villager (Male) |
| 21:23 | Research | War Galley (upgrade) |
| 21:40 | Create | Villager (Male) |
| 21:40 | Create | Villager (Male) |
| 21:48 | Build | House |
| 21:49 | Build | House |
| 21:52 | Create | Villager (Male) |
| 21:53 | Create | Villager (Male) |
| 22:10 | Create | Villager (Male) |
| 22:15 | Research | Wheelbarrow |
| 23:27 | Create | Villager (Male) |
| 23:27 | Create | Villager (Male) |
| 23:54 | Create | Spearman |
| 23:54 | Create | Spearman |
| 23:55 | Create | Spearman |
| 23:55 | Create | Spearman |
| 23:55 | Create | Spearman |
| 24:22 | Create | Villager (Male) |
| 24:22 | Create | Villager (Male) |
| 24:31 | Create | Spearman |
| 24:53 | Build | University |
| 25:39 | Create | Galley |
| 25:47 | Create | Villager (Male) |
| 25:47 | Create | Villager (Male) |
| 25:47 | Create | Villager (Male) |
| 25:53 | Build | Farm |
| 25:54 | Build | Farm |
| 25:55 | Build | Farm |
| 26:02 | Build | Farm |
| 26:07 | Build | Farm |
| 26:28 | Build | Siege Workshop |
| 26:39 | Research | Heated Shot |
| 26:41 | Research | Ballistics |
| 26:58 | Build | Castle |
| 27:04 | Build | Farm |
| 27:10 | Create | Villager (Male) |
| 27:22 | Build | Farm |
| 27:41 | Build | Siege Workshop |
| 27:46 | Research | Bow Saw |
| 27:49 | Research | Heavy Plow |
| 27:52 | Research | Gold Shaft Mining |
| 27:56 | Create | Villager (Male) |
| 27:56 | Create | Villager (Male) |
| 28:00 | Research | Town Watch |
| 28:18 | Build | Monastery |
| 29:13 | Build | Mining Camp |
| 29:17 | Create | Villager (Male) |
| 29:18 | Create | Villager (Male) |
| 29:18 | Create | Villager (Male) |
| 29:24 | Create | Monk |
| 29:38 | Build | House |
| 29:40 | Build | House |
| 29:45 | Create | Villager (Male) |
| 30:27 | Research | Forging |
| 30:28 | Research | Padded Archer Armor |
| 30:28 | Research | Fletching |
| 30:43 | Build | Barracks |
| 30:45 | Build | Barracks |
| 31:01 | Build | Mining Camp |
| 31:06 | Build | House |
| 31:07 | Build | House |
| 31:44 | Research | Hand Cart |
| 32:09 | Build | Castle |
| 32:44 | Create | Fire Galley |
| 32:45 | Create | Fire Galley |
| 32:52 | Research | Imperial Age |
| 33:34 | Create | Chu Ko Nu ×5 |
| 33:34 | Create | Chu Ko Nu ×5 |
| 33:34 | Create | Chu Ko Nu ×5 |
Match timeline
| 8:17 | avvo90 · first_building Dock |
| 10:31 | pipermirage · first_building Barracks |
| 10:32 | 7palu · age_up feudal |
| 11:07 | ENG.P4V3S1 · age_up feudal |
| 11:13 | Equilibrium · first_building Dock |
| 11:16 | Veph1 · age_up feudal |
| 11:27 | Miccit88 · first_building Barracks |
| 11:34 | ENG.P4V3S1 · first_building Barracks |
| 11:50 | avvo90 · age_up feudal |
| 12:26 | pipermirage · age_up feudal |
| 13:29 | pipermirage · first_building Stable |
| 14:12 | 7palu · first_building Barracks |
| 14:22 | Equilibrium · first_building Barracks |
| 14:27 | ENG.P4V3S1 · first_building Stable |
| 14:39 | Miccit88 · first_building Stable |
| 15:06 | Equilibrium · age_up feudal |
| 15:16 | 7palu · first_building Archery Range |
| 16:07 | Equilibrium · first_building Archery Range |
| 16:12 | Equilibrium · first_building Stable |
| 16:23 | 7palu · first_building Stable |
| 16:28 | avvo90 · first_building Barracks |
| 17:15 | adrian · age_up feudal |
| 17:36 | ENG.P4V3S1 · first_building Archery Range |
| 18:26 | Veph1 · first_market_sell 500 wood |
| 18:29 | Veph1 · first_market_buy 100 food |
| 19:17 | avvo90 · age_up castle |
| 19:21 | pipermirage · age_up castle |
| 20:13 | adrian · first_building Barracks |
| 20:15 | Miccit88 · wall_segment Stone Wall x14 |
| 20:51 | ENG.P4V3S1 · age_up castle |
| 20:59 | Veph1 · age_up castle |
| 21:12 | Veph1 · first_building Castle |
| 21:38 | pipermirage · first_building Castle |
| 21:49 | 7palu · age_up castle |
| 22:14 | Equilibrium · first_market_sell 500 wood |
| 22:22 | 7palu · first_building Castle |
| 23:30 | Miccit88 · wall_segment Stone Wall x13 |
| 24:00 | Miccit88 · wall_segment Stone Wall x19 |
| 24:35 | Equilibrium · tribute_sent a jugador 1 |
| 24:35 | Equilibrium · tribute_sent a jugador 3 |
| 24:35 | Equilibrium · tribute_sent a jugador 4 |
| 24:35 | Equilibrium · tribute_sent a jugador 5 |
| 24:35 | Equilibrium · tribute_sent a jugador 6 |
| 24:35 | Equilibrium · tribute_sent a jugador 7 |
| 24:35 | Equilibrium · tribute_sent a jugador 8 |
| 25:02 | Equilibrium · age_up castle |
| 25:03 | ENG.P4V3S1 · first_building Castle |
| 25:03 | pipermirage · first_market_sell 100 wood |
| 26:28 | avvo90 · first_building Siege Workshop |
| 26:58 | avvo90 · first_building Castle |
| 27:01 | Miccit88 · wall_segment Stone Wall x14 |
| 27:04 | adrian · wall_segment Stone Wall x15 |
| 27:09 | Equilibrium · first_building Monastery |
| 27:29 | ENG.P4V3S1 · wall_segment Stone Wall x1 |
| 27:59 | ENG.P4V3S1 · first_building Siege Workshop |
| 28:16 | adrian · age_up castle |
| 28:18 | avvo90 · first_building Monastery |
| 28:29 | Equilibrium · tribute_sent a jugador 1 |
| 28:29 | Equilibrium · tribute_sent a jugador 3 |
| 28:29 | Equilibrium · tribute_sent a jugador 4 |
| 28:29 | Equilibrium · tribute_sent a jugador 5 |
| 28:29 | Equilibrium · tribute_sent a jugador 6 |
| 28:29 | Equilibrium · tribute_sent a jugador 7 |
| 28:29 | Equilibrium · tribute_sent a jugador 8 |
| 29:24 | adrian · first_building Monastery |
| 30:27 | adrian · first_building Castle |
| 31:13 | Miccit88 · wall_segment Stone Wall x1 |
| 31:27 | pipermirage · first_building Monastery |
| 31:47 | Veph1 · age_up imperial |
| 31:57 | ENG.P4V3S1 · first_building Monastery |
| 32:28 | ENG.P4V3S1 · first_market_buy 100 wood |
| 32:59 | Veph1 · first_building Monastery |
| 33:11 | Equilibrium · tribute_sent a jugador 1 |
| 33:11 | Equilibrium · tribute_sent a jugador 3 |
| 33:11 | Equilibrium · tribute_sent a jugador 4 |
| 33:11 | Equilibrium · tribute_sent a jugador 5 |
| 33:11 | Equilibrium · tribute_sent a jugador 6 |
| 33:11 | Equilibrium · tribute_sent a jugador 7 |
| 33:11 | Equilibrium · tribute_sent a jugador 8 |
| 33:24 | adrian · age_up imperial |
| 35:09 | Miccit88 · first_building Castle |
| 35:17 | Equilibrium · tribute_sent a jugador 1 |
| 35:17 | Equilibrium · tribute_sent a jugador 3 |
| 35:17 | Equilibrium · tribute_sent a jugador 4 |
| 35:17 | Equilibrium · tribute_sent a jugador 5 |
| 35:17 | Equilibrium · tribute_sent a jugador 6 |
| 35:17 | Equilibrium · tribute_sent a jugador 7 |
| 35:17 | Equilibrium · tribute_sent a jugador 8 |
| 35:37 | Miccit88 · first_building Siege Workshop |
| 35:43 | avvo90 · first_building Stable |
| 36:02 | avvo90 · age_up imperial |
| 36:50 | pipermirage · first_building Siege Workshop |
| 37:01 | 7palu · age_up imperial |
| 37:18 | Equilibrium · tribute_sent a jugador 1 |
| 37:18 | Equilibrium · tribute_sent a jugador 3 |
| 37:18 | Equilibrium · tribute_sent a jugador 4 |
| 37:18 | Equilibrium · tribute_sent a jugador 5 |
| 37:18 | Equilibrium · tribute_sent a jugador 6 |
| 37:18 | Equilibrium · tribute_sent a jugador 7 |
| 37:18 | Equilibrium · tribute_sent a jugador 8 |
| 39:28 | ENG.P4V3S1 · age_up imperial |
| 39:28 | Miccit88 · first_building Monastery |
| 39:42 | Equilibrium · first_building Castle |
| 40:13 | 7palu · first_building Siege Workshop |
| 40:38 | pipermirage · age_up imperial |
| 41:29 | Veph1 · first_building Barracks |
| 42:01 | Veph1 · first_building Stable |
| 43:59 | Equilibrium · first_building Siege Workshop |
| 46:13 | Equilibrium · tribute_sent a jugador 1 |
| 46:13 | Equilibrium · tribute_sent a jugador 3 |
| 46:13 | Equilibrium · tribute_sent a jugador 4 |
| 46:13 | Equilibrium · tribute_sent a jugador 5 |
| 46:13 | Equilibrium · tribute_sent a jugador 6 |
| 46:13 | Equilibrium · tribute_sent a jugador 7 |
| 46:13 | Equilibrium · tribute_sent a jugador 8 |
| 46:35 | adrian · first_market_buy 100 stone |
| 46:47 | Equilibrium · age_up imperial |
| 47:24 | Miccit88 · wall_segment Stone Wall x2 |
| 48:36 | Miccit88 · wall_segment Stone Wall x6 |
| 56:34 | 7palu · first_building Monastery |
| 57:08 | Equilibrium · tribute_sent a jugador 1 |
| 57:08 | Equilibrium · tribute_sent a jugador 3 |
| 57:08 | Equilibrium · tribute_sent a jugador 4 |
| 57:08 | Equilibrium · tribute_sent a jugador 5 |
| 57:08 | Equilibrium · tribute_sent a jugador 6 |
| 57:08 | Equilibrium · tribute_sent a jugador 7 |
| 57:08 | Equilibrium · tribute_sent a jugador 8 |
| 59:47 | pipermirage · first_building Archery Range |
| 60:21 | Veph1 · resign |
| 65:15 | Equilibrium · tribute_sent a jugador 1 |
| 65:15 | Equilibrium · tribute_sent a jugador 3 |
| 65:15 | Equilibrium · tribute_sent a jugador 4 |
| 65:15 | Equilibrium · tribute_sent a jugador 5 |
| 65:15 | Equilibrium · tribute_sent a jugador 6 |
| 65:15 | Equilibrium · tribute_sent a jugador 7 |
| 65:15 | Equilibrium · tribute_sent a jugador 8 |
[ AI ANALYSIS · 1 CREDIT ]
What really happened in this match?
Wolo.gg analyzes every decision: build order, eco, micro, common mistakes by bracket. Personalized analysis on WhatsApp or Discord in 30 seconds.
Civ guide
Persians
Map guide
MegaRandom
Perfil
Veph1